 Dungeon Crawl Stone Soup version 0.32-a0-995-gb4a59205af (webtiles) character file.

Game seed: 972730886257746164

116 shadizar the Magician (level 5, -11/35 HPs)
             Began as a Djinni Air Elementalist on Apr 22, 2024.
             Mangled by Menkaure (21 damage)
             ... on level 4 of the Dungeon.
             The game lasted 00:02:42 (3480 turns).

shadizar the Magician (Djinni Air Elementalist)     Turns: 3480, Time: 00:02:42

Health: -11/35     AC:  2    Str:  7    XL:     5   Next: 21%
Gold:   222        EV: 11    Int: 19    God:
                   SH:  0    Dex: 13

rFire   + + .        c - staff of alchemy
rCold   x . .        (no shield)
rNeg    . . .        a - +0 robe
rPois   ∞            (no helmet)
rElec   .            (no cloak)
rCorr   .            (no gloves)
SInv    .            (boots unavailable)
Will    .....        (no amulet)
Stlth   ++           (no ring)
HPRegen 0.25/turn    (no ring)

%: infuse magic (-12 HP)
@: flying
A: sickness immunity, fire resistance 2, cold vulnerability 1, float, innate
caster, HP casting, extra vitality 1
a: no special abilities


You were on level 4 of the Dungeon.
You visited 1 branch of the dungeon, and saw 4 of its levels.

You collected 222 gold pieces.

Inventory:

Armour
 a - a +0 robe (worn)
 k - a +2 ring mail of willpower
 q - the +4 kite shield of the Building Gods {rPois rC++ Int+4}
   (You found it on level 4 of the Dungeon)

   Int+4:     It affects your intelligence (+4).
   rC++:      It greatly protects you from cold.
   rPois:     It protects you from poison.
Magical Staves
 c - a staff of alchemy (weapon)
Wands
 l - a wand of roots (9)
Scrolls
 d - a scroll of amnesia {unknown}
 e - 2 scrolls of immolation {unknown}
 g - 2 scrolls of teleportation {unknown}
 h - a scroll of identify {unknown}
 m - a scroll of blinking {unknown}
 n - a scroll of noise {unknown}
 o - a scroll of acquirement {unknown}
Potions
 b - a potion of attraction {unknown}
 f - a potion of heal wounds {unknown}
 j - a potion of enlightenment {unknown}
 p - a potion of lignification {unknown}


   Skills:
 - Level 2.1 Dodging
 - Level 1.5 Stealth
 + Level 4.7 Spellcasting
 + Level 4.7 Conjurations
 + Level 4.7 Hexes
 + Level 4.7 Summonings
 + Level 4.7 Necromancy
 + Level 4.7 Translocations
 + Level 4.7 Fire Magic
 + Level 4.7 Ice Magic
 + Level 4.7 Air Magic
 + Level 4.7 Earth Magic
 + Level 4.7 Alchemy


You knew the following spells:

 Your Spells              Type           Power      Damage    Failure   Level
a - Shock                 Conj/Air       88%        1d8       1%          1
b - Static Discharge      Conj/Air       44%        3-5/arc   2%          2
c - Swiftness             Air            22%        N/A       5%          3
d - Airstrike             Air            11%        2d(2-18)  19%         4
e - Necrotise             Necr           88%        1d8       1%          1
f - Mercury Vapours       Alch/Air       68%        N/A       2%          2
Your spell library was empty.

Dungeon Overview and Level Annotations

Branches:
Dungeon (4/15)
 Temple: D:4-7

Altars:

Annotations:
D:4 Menkaure


Innate Abilities, Weirdness & Mutations

You are immune to sickness and miasma.
You are immune to poison.
Your flesh is very heat resistant. (rF++)
You are vulnerable to cold. (rC-)
You float through the air rather than walking.
You learn spells naturally, not from books.
Your magical power is your life essence.
You have superior vitality. (+4 MHP)


Message History

Menkaure closely misses you.
There is a stone staircase leading up here.
Unknown command.
Casting: Static Discharge (safe; 2% risk of failure)
Confirm with . or Enter, or press ? or * to list all spells.
Menkaure is struck by an arc of lightning.
Menkaure is lightly damaged.
You are struck by an arc of lightning.
Unknown command.
Unknown command.
Unknown command.
Unknown command.
Unknown command.
Unknown command.
Casting: Static Discharge (safe; 2% risk of failure)
Confirm with . or Enter, or press ? or * to list all spells.
Menkaure is struck by an arc of lightning.
Menkaure is moderately damaged.
You are struck by an arc of lightning.
Menkaure is struck by an arc of lightning.
Menkaure is moderately damaged.
You are struck by an arc of lightning.
The lightning grounds out.
Menkaure gestures at you while chanting.
Pain shoots through your body!
Unknown command.
Unknown command.
Unknown command.
Unknown command.
Unknown command.
Casting: Static Discharge (safe; 2% risk of failure)
Confirm with . or Enter, or press ? or * to list all spells.
Menkaure is struck by an arc of lightning.
Menkaure is severely damaged.
You are struck by an arc of lightning.
* * * LOW HITPOINT WARNING * * *
The lightning grounds out.
* * * LOW HITPOINT WARNING * * *
Menkaure hits you!!
Ouch! That really hurt!
You die...

< #.. .... #.# ....
#.# .... #.# ####...
#.# #..#.#.#.# #.#
#.........
##.#######.[###.###
#.@).......#...#..
####.M###.#...#...#.
#.....# #....###..#.
#.##.## ##..#...#..###
#.##.# #...#...#...#.
#.##.####...#...##..#.
#.#.#.##.###.###..#..#
#..###.#..........#...
###.#..#.###.###..#..#


You could see Menkaure.

Vanquished Creatures
  4 adders
  2 dart slugs
  2 ribbon worms
  5 orcs (D:3)
  10 ball pythons
  2 bats
  5 endoplasms
  2 giant cockroaches
  5 goblins
  7 hobgoblins
  3 quokkas
  4 frilled lizards
  8 kobolds
  8 rats
67 creatures vanquished.

Notes
Turn   | Place    | Note
-------+----------+-------------------------------------------
     0 | D:1      | shadizar the Djinni Air Elementalist began the quest for
                  | the Orb.
     0 | D:1      | shadizar set off with the following spells memorised:
                  | Shock, Static Discharge, Swiftness, Airstrike.
     0 | D:1      | Reached XP level 1. HP: 15/15 MP: 0/0
    98 | D:1      | Reached XP level 2. HP: 20/21 MP: 0/0
   777 | D:1      | Reached XP level 3. HP: 20/25 MP: 0/0
   777 | D:1      | Learned a level 1 spell: Necrotise
  1846 | D:2      | Reached XP level 4. HP: 26/31 MP: 0/0
  2410 | D:3      | Found a faded altar of an unknown god.
  3218 | D:4      | Reached XP level 5. HP: 31/35 MP: 0/0
  3218 | D:4      | Learned a level 2 spell: Mercury Vapours
  3262 | D:4      | Identified the +4 kite shield of the Building Gods {rPois
                  | rC++ Int+4}
  3285 | D:4      | Noticed Menkaure
  3480 | D:4      | Mangled by Menkaure

Illustrated notes

Levels and vault maps discovered:
D:1:      minmay_arrival_nine_rooms, layout_basic, st_stairs_10
D:2:      layout_basic
D:3:      layout_basic, ebering_ecumenical_altar_mist
D:4:      layout_loops_ring, gammafunk_temple_overflow_statue,
          ebering_ghost_sewer_d, nicolae_titane, uniq_grinder, uniq_menkaure

Skill      XL: |  1  2  3 |
---------------+----------+-----
Spellcasting   | 4 |  4.7
Conjurations   | 4 |  4.7
Hexes          | 4 |  4.7
Summonings     | 4 |  4.7
Necromancy     | 4 |  4.7
Translocations | 4 |  4.7
Fire Magic     | 4 |  4.7
Ice Magic      | 4 |  4.7
Air Magic      | 4 |  4.7
Earth Magic    | 4 |  4.7
Alchemy        | 4 |  4.7
Dodging        | |  2.1
Stealth        | |  1.5

Action                     |  1- 3 |  4- 6 || total
---------------------------+-------+-------++-------
   Cast: Shock             |    73 |    54 ||   127
         Static Discharge  |       |     4 ||     4
         Mercury Vapours   |       |     2 ||     2
    Use: Potion            |       |     3 ||     3
 Armour: Robe              |     1 |    19 ||    20
  Dodge: Dodged            |     9 |    15 ||    24

Table legend: (Time is in decaauts)
 A = Elapsed time spent in this place.
 B = Non-inter-level travel time spent in this place.
 C = Inter-level travel time spent in this place.
 D = Time resting spent in this place.
 E = Time spent auto-exploring this place.
 F = Levels seen in this place.
 G = Mean time per level.
                   A        B        C        D        E       F      G
               +--------+--------+--------+--------+--------+-----+--------+
         Total |   3482 |   3192 |    290 |      0 |   2907 |   4 |  870.5 |
       Dungeon |   3482 |   3192 |    290 |      0 |   2907 |   4 |  870.5 |
               +--------+--------+--------+--------+--------+-----+--------+

Top non-repeatable levels by time:
     D:1: 1294 daAuts
     D:3: 1194 daAuts
     D:2: 839 daAuts
     D:4: 154 daAuts
